 Dungeon Crawl Stone Soup version 0.18.1-6-gd335043 (webtiles) character file.

49 NoLuckNoSkill the Conjurer (level 3, 0/19 HPs)
             Began as a Deep Elf Conjurer on May 15, 2016.
             Slain by a gnoll
             ... wielding a cursed -2 whip
              (8 damage)
             ... on level 2 of the Dungeon.
             The game lasted 00:02:10 (1045 turns).

NoLuckNoSkill the Conjurer (Deep Elf Conjurer)      Turns: 1045, Time: 00:02:11

Health: 0/19       AC:  2    Str:  5    XL:     3   Next: 51%
Magic:  2/11       EV: 13    Int: 20    God:
Gold:   29         SH:  0    Dex: 20    Spells: 2 memorised, 8 levels left

rFire  . . .     SeeInvis .     (no weapon)
rCold  . . .     Gourm    .     a - +0 robe
rNeg   . . .     Faith    .     (no shield)
rPois  .         Spirit   .     (no helmet)
rElec  .         Dismiss  .     (no cloak)
rCorr  .         Reflect  .     (no gloves)
SustAt .         Harm     .     (no boots)
MR     .....                    (no amulet)
Stlth  ++........               (no ring)
                                o - +5 ring of dexterity

@: not resistant to hostile enchantments, unstealthy
A: no striking features
a: no special abilities


You were on level 2 of the Dungeon.
You were not hungry.

You visited 1 branch of the dungeon, and saw 2 of its levels.

You collected 29 gold pieces.

Inventory:

Armour
 a - a +0 robe (worn)
Jewellery
 o - a +5 ring of dexterity (left hand)
Scrolls
 e - a scroll of amnesia {unknown}
 h - a scroll of enchant weapon {unknown}
 i - a scroll of identify {unknown}
 l - a scroll of magic mapping {unknown}
 n - a scroll of fear {unknown}
 p - a scroll of fog {unknown}
Potions
 f - a potion of magic {unknown}
 k - a potion of lignification {unknown}
 m - a potion of invisibility {unknown}
Books
 b - a book of Conjurations

   Spells                             Type                      Level
   a - Magic Dart                     Conjuration                  1
   b - Searing Ray                    Conjuration                  2
   c - Dazzling Spray                 Conjuration/Hexes            3
   d - Fulminant Prism                Conjuration/Hexes            4
   e - Iskenderun's Mystic Blast      Conjuration                  4
   f - Iskenderun's Battlesphere      Conjuration/Charms           5
Comestibles
 c - 3 bread rations
 d - 2 meat rations
 g - 2 beef jerkies
 j - a slice of pizza
 q - a chunk of flesh


   Skills:
 - Level 2.4 Dodging
 - Level 2.4 Stealth
 * Level 4.6 Spellcasting
 + Level 5.0 Conjurations


You had 8 spell levels left.
You knew the following spells:

 Your Spells              Type           Power        Failure   Level  Hunger
a - Magic Dart            Conj           ###.         1%          1    None
b - Searing Ray           Conj           ###...       2%          2    #......


Dungeon Overview and Level Annotations

Branches:
Dungeon (2/15)

Altars:


Message History

The gnoll misses you.
Casting: Magic Dart
Confirm with . or Enter, or press ? or * to list all spells.
Okay, then.
An ooze comes into view.
The ooze moves out of view.
The gnoll hits you with a whip! The gnoll closely misses you.
Casting: Magic Dart
Confirm with . or Enter, or press ? or * to list all spells.
Aiming: Searing Ray
Press: ? - help, Shift-Dir - straight line, f/p - gnoll
Aim: a gnoll, wielding a whip (lightly wounded)
The searing ray hits the gnoll.
The gnoll is moderately wounded.
The gnoll hits you with a whip.
The searing ray hits the gnoll.
The gnoll is almost dead.
The gnoll hits you with a whip!
You die...

#.....(.#....................
#.......#....................
###.......#.##.##..............
#...........##.##...#..........
###.#............................
......#.#.##..##.###.[#...#......
...##.#.#.##..##.###..#...##.....
...##.........##..........##...#.
...########....g@.........##.>...
#..# ###.##................. ...#
#.............##...#. #..###
#..#####...##.##...#.
#....########..#####...##.##.....
.......................##.##.....
#..#.########..........##..≈≈≈..#
.....# #..#####.#.....P≈≈♣..
##.#.# #..# #<####.#♣≈♣..#


You could see a gnoll.

Vanquished Creatures
  A gnoll (D:2)
  3 dart slugs
  2 giant geckos (D:2)
  5 bats
  3 goblins
  5 hobgoblins
  A ball python (D:2)
  3 kobolds
  8 rats
31 creatures vanquished.

Notes
Turn   | Place    | Note
--------------------------------------------------------------
     0 | D:1      | NoLuckNoSkill the Deep Elf Conjurer began the quest for the Orb.
     0 | D:1      | Reached XP level 1. HP: 10/10 MP: 6/6
   278 | D:1      | Reached XP level 2. HP: 15/15 MP: 2/8
   311 | D:1      | Learned a level 2 spell: Searing Ray
   754 | D:2      | Reached XP level 3. HP: 19/19 MP: 5/10
   994 | D:2      | Reached skill level 5 in Conjurations
  1045 | D:2      | Slain by a gnoll

Skill      XL: |  1  2  3 |
---------------+----------+-----
Spellcasting   | 4 |  4.6
Conjurations   | 5 |  5.0
Dodging        | |  2.4
Stealth        | |  2.4

Action                   || total
-------------------------++-------
 Cast: Magic Dart        ||    68
       Searing Ray       ||     1
Armor: Robe              ||     1
Dodge: Dodged            ||     6
